 Dungeon Crawl Stone Soup version 0.32-a0-672-gff75c0dad8 (webtiles) character file.

Game seed: 4058747304132582784

184 Kenran the Twirler (level 5, -8/45 HPs)
             Began as a Demigod Wanderer on Mar 10, 2024.
             Killed by nerve-wracking pain
             ... invoked by an orc priest
              (13 damage)
             ... on level 4 of the Dungeon.
             The game lasted 00:04:46 (2673 turns).

Kenran the Twirler (Demigod Wanderer)               Turns: 2673, Time: 00:04:47

Health: -8/45      AC:  9    Str: 12    XL:     5   Next: 13%
Magic:  9/9        EV:  9    Int: 12    God:
Gold:   130        SH:  0    Dex: 20    Spells: 5/6 levels left

rFire   . . .        a - +2 quarterstaff
rCold   . . .        (shield currently unavailable)
rNeg    . . .        b - +0 scale mail
rPois   .            (no helmet)
rElec   .            s - +2 cloak
rCorr   .            (no gloves)
SInv    .            (no boots)
Will    .....        (no amulet) Stlth
                     (no ring)
HPRegen 0.27/turn    (no ring)
MPRegen 0.11/turn

%: no passive effects
@: no status effects
A: high MP 1, forlorn, divine attributes
a: no special abilities


You were on level 4 of the Dungeon.
You visited 1 branch of the dungeon, and saw 4 of its levels.

You collected 130 gold pieces.

Inventory:

Hand Weapons
 a - a +2 quarterstaff (weapon)
 d - a +0 short sword
Armour
 b - a +0 scale mail (worn)
 s - a +2 cloak (worn)
 v - a +0 buckler
Wands
 u - a wand of light (8)
 w - a wand of paralysis (11)
Scrolls
 k - a scroll of immolation {!r}
 l - a scroll of teleportation
 m - a scroll of poison {unknown}
 o - a scroll of blinking {unknown}
 q - 2 scrolls of enchant weapon {unknown}
 r - a scroll of vulnerability {unknown}
 x - a scroll of enchant armour {unknown}
Potions
 c - a potion of haste
 e - 2 potions of lignification {unknown}
 f - 2 potions of curing {unknown}
 h - 2 potions of enlightenment {unknown}
 i - a potion of resistance {unknown}
 j - a potion of brilliance {unknown}
 n - a potion of ambrosia {unknown}
 p - a potion of mutation {unknown}
 t - a potion of degeneration {unknown}


   Skills:
 - Level 3.0 Fighting
 - Level 5.0 Staves
 - Level 1.0 Armour
 + Level 1.5 Dodging
 - Level 1.0 Spellcasting
 - Level 1.7 Summonings
 - Level 1.0 Evocations


You had 5 spell levels left.
You knew the following spells:

 Your Spells              Type           Power      Damage    Failure   Level
a - Summon Small Mammal   Summ           16%        N/A       61%         1

Your spell library contained the following spells:

 Spells                   Type           Power      Damage    Failure   Level
 Call Canine Familiar     Summ           4%         N/A       93%         3


Dungeon Overview and Level Annotations

Branches:
Dungeon (4/15)
 Temple: D:4-7


Innate Abilities, Weirdness & Mutations

You have an increased reservoir of magic. (+10% MP)
You shall have no god before yourself.
Your divine heritage dramatically boosts your attributes as you level up.


Message History

The orc priest is heavily wounded.
The orc barely misses you.
The orc priest hits you but does no damage.
Something hits you but does no damage.
You closely miss the orc priest.
The orc priest is heavily wounded.
The orc hits you from afar with a +0 trident.
The orc priest closely misses you.
You hit the orc priest.
The orc priest is severely wounded.
The orc completely misses you.
The orc priest hits you with a +0 dagger.
You hear some strange, mumbled words.
A puff of flame appears from out of thin air!
The puff of flame hits you.
You hit the orc priest.
The orc priest is severely wounded.
The orc hits you from afar with a +0 trident.
The orc priest hits you with a +0 dagger.
Something hits you. The orc barely misses you. Something hits you.
The orc priest invokes the aid of Beogh against you.
Pain shoots through your body!
* * * LOW HITPOINT WARNING * * *
You barely miss the orc priest.
The orc priest is severely wounded.
The orc hits you from afar with a +0 trident.
* * * LOW HITPOINT WARNING * * *
The orc priest hits you but does no damage.
Something hits you.
* * * LOW HITPOINT WARNING * * *
Aiming: Bolt of Light
Press: ? - help, Shift-Dir - straight line, f - orc priest
Aim: an orc priest, wielding a +0 dagger and wearing a +0 ring mail (severely wounded, 75% to hit)
The bolt of light misses the orc priest.
The orc hits you from afar with a +0 trident.
* * * LOW HITPOINT WARNING * * *
Something hits you but does no damage.
The orc priest invokes the aid of Beogh against you.
Pain shoots through your body!
You die...

#....#
##....#
.....#
###....#
......#
#.).o#
#....## #o@{#
#......>..#
$...........#
............#
............#
.#.........##
##...#...##
...######


You could see an orc priest and an orc.

Vanquished Creatures
  An ice beast (D:3)
  An adder (D:3)
  A ribbon worm (D:3)
  5 orcs (D:3)
  8 bats
  5 endoplasms
  2 giant cockroaches
  7 goblins
  8 hobgoblins
  4 jackals
  7 kobolds
  4 quokkas
  7 ball pythons
  5 frilled lizards
  4 rats
69 creatures vanquished.

Notes
Turn   | Place    | Note
-------+----------+-------------------------------------------
     0 | D:1      | Kenran the Demigod Wanderer began the quest for the Orb.
     0 | D:1      | Kenran set off with the following items: a +2 quarterstaff,
                  | a +0 scale mail, a potion of haste; and the following spell
                  | memorised: Summon Small Mammal; and the following spells
                  | available to memorise: Call Canine Familiar.
     0 | D:1      | Reached XP level 1. HP: 16/16 MP: 4/4
   115 | D:1      | Reached XP level 2. HP: 23/24 MP: 5/5
   947 | D:2      | Reached XP level 3. HP: 29/30 MP: 6/6
  1467 | D:3      | Noticed an ice beast
  1700 | D:3      | Killed an ice beast
  1701 | D:3      | Reached skill level 5 in Staves
  1701 | D:3      | Reached XP level 4. HP: 18/38 MP: 8/8
  1811 | D:3      | Reached skill level 1 in Dodging
  1830 | D:3      | Reached XP level 5. HP: 42/45 MP: 9/9
  2673 | D:4      | Killed from afar by an orc priest

Illustrated notes

Levels and vault maps discovered:
D:1:      lightli_arrival_noodles, layout_basic,
          shapermc_ecumenical_altar_pompeii, dreamdust_mushroom_princess,
          kennysheep_pointless_box
D:2:      layout_loops_ring, kennysheep_donut, serial_bayou_ford_a
D:3:      layout_basic, nicolae_sif_muna_little_library,
          kennysheep_generic_room_5
D:4:      layout_rooms, mainiacjoe_ossuary_entry_dusty_tomb

Skill      XL: |  1  2  3  4 |
---------------+-------------+-----
Fighting       | 2 3 |  3.0
Staves         | 5 |  5.0
Dodging        | 1 |  1.5
Armour         | |  1.0
Spellcasting   | |  1.0
Summonings     | |  1.7
Evocations     | |  1.0

Action                     |  1- 3 |  4- 6 || total
---------------------------+-------+-------++-------
  Melee: Quarterstaff      |   106 |    53 ||   159
  Evoke: Wand              |     3 |     1 ||     4
    Use: Scroll            |       |     2 ||     2
   Stab: Invisible         |     3 |       ||     3
 Armour: Scale mail        |    77 |    53 ||   130
  Dodge: Dodged            |    36 |    32 ||    68

Table legend: (Time is in decaauts)
 A = Elapsed time spent in this place.
 B = Non-inter-level travel time spent in this place.
 C = Inter-level travel time spent in this place.
 D = Time resting spent in this place.
 E = Time spent auto-exploring this place.
 F = Levels seen in this place.
 G = Mean time per level.
                   A        B        C        D        E       F      G
               +--------+--------+--------+--------+--------+-----+--------+
         Total |   2695 |   2451 |    244 |    150 |   1780 |   4 |  673.8 |
       Dungeon |   2695 |   2451 |    244 |    150 |   1780 |   4 |  673.8 |
               +--------+--------+--------+--------+--------+-----+--------+

Top non-repeatable levels by time:
     D:3: 1164 daAuts
     D:2: 793 daAuts
     D:1: 719 daAuts
     D:4: 17 daAuts
